 Dungeon Crawl Stone Soup version 0.29.1-2-gbd0b4ee654 (webtiles) character file.

Game seed: 12923536907860888199

16 BearBoy19 the Gusty (level 2, -3/19 HPs)
             Began as a Human Wanderer on Nov 29, 2022.
             Slain by an adder (4 damage)
             ... on level 2 of the Dungeon.
             The game lasted 00:05:00 (757 turns).

BearBoy19 the Gusty (Human Wanderer)                 Turns: 757, Time: 00:05:00

Health: -3/19      AC:  2    Str: 11    XL:     2   Next: 70%
Magic:  3/3        EV: 12    Int: 13    God:
Gold:   51         SH:  0    Dex: 12    Spells: 3/3 levels left

rFire   . . .      SeeInvis .   a - +0 dagger
rCold   . . .      Faith    .   (no shield)
rNeg    . . .      Spirit   .   c - +0 robe
rPois   .          Reflect  .   (no helmet)
rElec   .          Harm     .   (no cloak)
rCorr   .          Rampage  .   (no gloves)
Will    .....                   (no boots)
Stlth   ++........              (no amulet)
HPRegen 0.06/turn               (no ring)
MPRegen 0.08/turn               (no ring)

@: lethally poisoned (-3 -> -6)
A: no striking features
a: no special abilities


You were on level 2 of the Dungeon.
You visited 1 branch of the dungeon, and saw 2 of its levels.

You collected 51 gold pieces.

Inventory:

Hand Weapons
 a - a +0 dagger (weapon)
 g - a +0 long sword
Missiles
 f - 8 poisoned darts
Armour
 c - a +0 robe (worn)
Scrolls
 b - a scroll of fear
Potions
 e - 2 potions of resistance {unknown}
 h - a potion of mutation {unknown}
Miscellaneous
 d - a piece from Xom's chessboard (15/15) (quivered)


   Skills:
 + Level 1.8 Dodging
 + Level 1.0 Stealth
 + Level 1.0 Spellcasting
 + Level 1.0 Hexes
 + Level 3.2 Air Magic
 + Level 3.1 Evocations


You had 3 spell levels left.
You didn't know any spells.
Your spell library contained the following spells:

 Spells                   Type           Power      Damage    Failure   Level
 Shock                    Conj/Air       16%        1d4       14%         1
 Slow                     Hex            12%        N/A       19%         1
 Foxfire                  Conj/Fire      0%         2x1d4     28%         1
 Inner Flame              Hex/Fire       1%         N/A       56%         3
 Portal Projectile        Hex/Tloc       2%         N/A       56%         3
 Conjure Flame            Conj/Fire      0%         6-21      63%         3
 Gell's Gravitas          Tloc           0%         N/A       63%         3
 Teleport Other           Tloc           0%         N/A       63%         3
 Airstrike                Air            4%         2d(1-17)  58%         4
 Summon Lightning Spire   Summ/Air       4%         N/A       82%         4
 Flame Wave               Conj/Fire      0%         2d4       95%         4
 Dispersal                Tloc           0%         N/A       100%        6


Dungeon Overview and Level Annotations

Branches:
Dungeon (1/15)

Altars:


Message History

Found a scroll labelled WUD ESABRACRO.
Found 6 gold pieces.
Hit: a) +0 dagger
Press: ? - help, Dir - move target, f - adder
Aim: an adder (wandering, hasn't noticed you, about 56% to evade your +0 dagger)
Your weapon can't reach that far!
Okay, then.
Hit: a) +0 dagger
Press: ? - help, Dir - move target, f - adder
Aim: an adder (wandering, hasn't noticed you, about 56% to evade your +0 dagger)
You barely miss the adder.
The adder hisses angrily.
The adder barely misses you.
You miss the adder. The adder bites you.
You are poisoned.
The adder poisons you! The adder closely misses you.
You hit the adder.
The adder is moderately wounded.
You feel sick. The adder misses you.
You closely miss the adder.
The adder is moderately wounded.
You feel sick. The adder misses you.
You miss the adder.
The adder is moderately wounded.
You feel sick. The adder bites you.
You are lethally poisoned!
The adder poisons you! The adder closely misses you.
You closely miss the adder.
The adder is moderately wounded.
* * * LOW HITPOINT WARNING * * *
You feel sick. The adder bites you but does no damage.
You closely miss the adder.
The adder is moderately wounded.
* * * LOW HITPOINT WARNING * * *
You feel sick. The adder bites you but does no damage.
You hit the adder.
The adder is heavily wounded.
* * * LOW HITPOINT WARNING * * *
You feel sick. The adder bites you.
You die...

#. ...... #.#
##....##.# #..##
##.....##.# .
##.#.###......##.#
..###.....#......#
#.### #$............#.#
#...# #?.............#
#...#
#.........##.######...#
#....S@................
#.........##...........
#.........##.###.......
#....?....##.# ####....
#.........##.# #...#
#............# #...#
...........#### ###.#
.########### #.# #.#


You could see an adder.

Vanquished Creatures
  An adder (D:2)
  A ball python (D:2)
  2 endoplasms (D:2)
  A hobgoblin (D:2)
  2 rats (D:2)
7 creatures vanquished.

Vanquished Creatures (others)
  A fungus (D:1)
1 creature vanquished.

Grand Total: 8 creatures vanquished

Notes
Turn   | Place    | Note
-------+----------+-------------------------------------------
     0 | D:1      | BearBoy19 the Human Wanderer began the quest for the Orb.
     0 | D:1      | BearBoy19 set off with the following items: a +0 dagger, a
                  | scroll of fear, a +0 robe, a piece from Xom's chessboard
                  | (15/15); and the following spells available to memorise:
                  | Shock, Slow, Portal Projectile, Airstrike, Summon Lightning
                  | Spire.
     0 | D:1      | Reached XP level 1. HP: 13/13 MP: 2/2
    13 | D:1      | You fall into a shaft and drop 1 floor!
   133 | D:2      | Reached XP level 2. HP: 6/19 MP: 3/3
   757 | D:2      | Slain by an adder

Illustrated notes

Levels and vault maps discovered:
D:1:      lemuel_arrival_muddy, layout_basic, ebering_ecumenical_altar_petrified
D:2:      layout_loops_ring, corexii_corridor_pit, roderic_malta_cross

Action                   || total
-------------------------++-------
Melee: Dagger            ||    41
       Punch             ||     1
  Use: Potion            ||     1
Armor: Robe              ||     2
Dodge: Dodged            ||    19
